cohdb
Replays
Latest Replays
All Replays
Popular Replays
Top Player Replays
Match Explorer
How It Works
Community
CoH3 Stats
Reddit
Sign in to upload your games and track your stats! →
Sign in with Steam
Match 40468603
Unlisted
Match 40468603
Overview
Messages
Build Orders
End
Vickers Machine Gun Team
Selects Heavy Armor Battlegroup
Royal Engineer Section
Construct Section Command Post
ML 3-inch Mortar Team
Infantry Section
Construct Platoon Command Post
Selects Engineer Detachments
Unlock Bishop Self-propelled Artillery
6-pounder Anti-tank Gun Team
Bishop Self-propelled Artillery
6-pounder Anti-tank Gun Team
Selects Forward Repair Assembly
Selects UNKNOWN (2162094)
Selects Forward Repair Assembly
sgtViveron
战汝娘亲
可叹落叶飘零
Liet
blind man
CPU - VERY EASY
0
0
Comments
sign in to comment!
No comments posted yet!